Map: Whirlwind LE (Void)

Players

dawoaben

  • Race: Zerg Zerg
  • League: Master
  • Spawn Location: 1:00

Alluton - Winner!

  • Race: Protoss Protoss
  • League: Master
  • Spawn Location: 5:00

VOD

Have the link to the VOD?

Description

Time

  • Played on: Dec. 19, 2016, 12:04 p.m.
  • Length: 13:10
Show
View Real Time Build Order
Export as new Build Order

dawoaben Zerg 

Build Orders: Hatch First 

Get SALT Encoding   

  12  0:02  Drone  
  13  0:12  Overlord  
  13  0:18  Drone  
  14  0:31  Drone  
  14  0:32  Drone  
  14  0:35  Drone  
  17  0:54  Drone  
  18  0:57  Drone  
  19  1:05  Hatchery  
  18  1:12  Extractor  
  18  1:16  Spawning Pool  
  18  1:18  Drone  
  17  1:24  Drone  
  18  1:29  Drone  
  19  1:43  Overlord  
  19  2:03  Queen  
  19  2:04  Zergling x4  
  23  2:11  Zergling x2  
  24  2:17  Metabolic Boost  
  24  2:21  Drone  
  25  2:23  Overlord  
  25  2:24  Queen  
  27  2:32  Drone  
  27  2:34  Drone  
  29  2:48  Drone  
  29  2:58  Pneumatized Carapace  
  29  3:07  Drone x3, Hatchery  
  29  3:08  Drone x2  
  29  3:11  Drone  
  34  3:15  Overlord  
  34  3:21  Overlord  
  34  3:23  Drone  
  35  3:32  Drone x3  
  35  3:33  Drone  
  39  3:41  Drone x3  
  42  3:49  Spore Crawler  
  42  3:50  Spore Crawler  
  42  3:52  Drone x3  
  42  3:54  Drone  
  44  3:56  Drone  
  44  3:59  Drone  
  46  4:03  Queen  
  48  4:14  Drone  
  48  4:15  Drone x5  
  53  4:21  Drone  
  53  4:24  Queen  
  54  4:28  Lair  
  56  4:32  Overlord  
  56  4:34  Drone x2  
  56  4:35  Spore Crawler  
  56  4:37  Drone x2  
  59  4:38  Drone  
  59  4:42  Drone x2  
  63  4:45  Drone x2  
  63  4:50  Overlord  
  63  4:51  Drone  
  63  4:52  Evolution Chamber  
  64  4:53  Drone x2  
  64  4:57  Queen  
  68  5:01  Zergling x2  
  68  5:02  Zergling x4  
  68  5:03  Zergling x2  
  72  5:08  Zergling x4  
  74  5:17  Zergling x6  
  74  5:18  Zerg Missile Weapons Level 1  
  74  5:28  Drone x6  
  75  5:29  Drone  
  75  5:30  Extractor  
  75  5:32  Extractor  
  75  5:34  Extractor x2  
  75  5:35  Extractor  
  74  5:37  Drone x2  
  74  5:41  Zergling x2  
  76  5:50  Hydralisk Den  
  75  5:59  Zergling x4  
  75  6:00  Zergling x2  
  75  6:01  Drone x3  
  75  6:02  Drone  
  82  6:05  Baneling Nest  
  74  6:19  Zergling x18  
  74  6:24  Zergling x4  
  74  6:26  Zergling x4  
  74  6:30  Zergling x4  
  76  6:36  Zergling x2  
  76  6:37  Zergling x6  
  72  6:49  Drone  
  72  6:50  Drone x2  
  70  6:54  Drone  
  70  6:56  Drone x4  
  74  7:04  Drone  
  74  7:05  Drone x7  
  74  7:06  Overlord  
  80  7:09  Queen  
  80  7:11  Zergling x2  
  80  7:21  Drone  
  81  7:25  Drone  
  82  7:43  Overlord x2  
  82  7:44  Overlord x2  
  82  7:49  Evolution Chamber  
  80  7:53  Overlord  
  80  7:55  Drone  
  80  7:57  Hatchery  
  80  8:02  Spire  
  79  8:06  Zerg Melee Weapons Level 1  
  79  8:08  Drone x3  
  79  8:09  Evolution Chamber, Drone x8  
  89  8:19  Zerg Ground Armor Level 1  
  87  8:35  Extractor  
  87  8:38  Extractor  
  85  8:50  Infestation Pit  
  84  8:57  Hatchery  
  83  9:03  Zergling x10  
  83  9:04  Zergling x24  
  100  9:13  Zergling x2, Spire  
  100  9:17  Zergling x10  
  99  9:20  Zergling x2  
  99  9:21  Zergling x8  
  99  9:23  Zergling x4  
  107  9:29  Zerg Flyer Weapons Level 1  
  107  9:30  Overseer  
  107  9:32  Nydus Network, Zergling x2  
  107  9:35  Zergling x10  
  112  9:38  Overseer  
  112  9:39  Queen  
  112  9:40  Queen  
  112  9:42  Drone x2, Spore Crawler  
  112  9:43  Drone x3  
  119  9:54  Overlord x2  
  119  9:55  Nydus Network, Overlord x2  
  118  10:04  Drone  
  118  10:05  Drone  
  120  10:13  Baneling x9  
  120  10:14  Zergling x22  
  121  10:20  Hive  
  121  10:21  Drone x3  
  134  10:22  Drone x3  
  134  10:26  Drone  
  138  10:30  Zergling x2  
  138  10:31  Zergling x2  
  138  10:34  Nydus Canal  
  140  10:42  Nydus Canal  
  138  10:46  Zergling x2  
  138  10:47  Zergling x12  
  141  10:54  Zergling x4  
  141  10:55  Zergling x18  
  148  11:01  Corruptor  
  148  11:02  Corruptor x3  
  152  11:08  Overseer  
  132  11:21  Muscular Augments  
  127  11:31  Spore Crawler  
  126  11:33  Corruptor x6  
  126  11:34  Spore Crawler x2  
  126  11:35  Spore Crawler  
  126  11:37  Zergling x2  
  126  11:38  Zergling x4  
  126  11:39  Nydus Canal  
  137  11:40  Nydus Canal  
  137  11:42  Zergling x2  
  138  11:53  Zergling x12  
  138  11:54  Zergling x4  
  146  11:56  Zergling x2, Spore Crawler  
  146  11:58  Zergling x6  
  146  11:59  Zergling x2  
  146  12:00  Zergling x2  
  148  12:01  Zergling x4  
  148  12:08  Zergling x2  
  143  12:09  Zergling x4  
  143  12:10  Zergling x6  
  101  12:27  Spore Crawler x4  
  101  12:29  Spore Crawler x2  
  72  12:30  Spore Crawler  
Show
View Real Time Build Order
Export as new Build Order

Alluton Protoss - Winner!

Build Orders: 1 Gate Expand, Oracle Opening 

Get SALT Encoding   

  12  0:00  Probe (Chrono Boost)  
  13  0:11  Probe (Chrono Boost)  
  14  0:20  Pylon  
  14  0:23  Probe (Chrono Boost)  
  15  0:38  Probe (Chrono Boost)  
  15  0:40  Gateway  
  16  0:45  Assimilator  
  16  0:49  Probe (Chrono Boost)  
  17  1:00  Probe (Chrono Boost)  
  18  1:10  Probe (Chrono Boost)  
  19  1:20  Pylon  
  19  1:30  Nexus  
  19  1:35  Probe (Chrono Boost)  
  20  1:44  Cybernetics Core  
  21  1:47  Probe (Chrono Boost)  
  21  1:51  Assimilator  
  22  2:01  Probe (Chrono Boost)  
  22  2:12  Probe (Chrono Boost)  
  23  2:19  Adept  
  24  2:24  Warp Gate, Probe (Chrono Boost)  
  26  2:30  Cybernetics Core  
  26  2:36  Probe (Chrono Boost)  
  27  2:42  Probe (Chrono Boost)  
  27  2:43  Zealot  
  28  2:48  Probe (Chrono Boost)  
  31  2:51  Stargate  
  31  2:53  Probe (Chrono Boost)  
  32  3:01  Probe (Chrono Boost)  
  32  3:03  Probe (Chrono Boost)  
  35  3:13  Probe (Chrono Boost)  
  35  3:14  Probe (Chrono Boost)  
  36  3:22  Pylon  
  36  3:23  Probe (Chrono Boost)  
  36  3:24  Probe (Chrono Boost)  
  38  3:30  Gateway  
  38  3:40  Oracle, Probe x2 (Chrono Boost)  
  43  3:42  Pylon  
  43  3:49  Gateway  
  43  3:51  Mothership Core (Chrono Boost)  
  43  3:53  Probe (Chrono Boost)  
  46  4:03  Pylon  
  46  4:09  Probe (Chrono Boost)  
  48  4:10  Probe (Chrono Boost)  
  48  4:15  Oracle  
  51  4:19  Probe (Chrono Boost)  
  51  4:20  Probe (Chrono Boost)  
  53  4:30  Probe (Chrono Boost)  
  53  4:31  Probe (Chrono Boost)  
  55  4:32  Nexus  
  55  4:34  Pylon  
  55  4:35  Pylon  
  55  4:36  Adept x2  
  59  4:40  Probe (Chrono Boost)  
  59  4:41  Probe (Chrono Boost)  
  60  4:50  Assimilator  
  60  4:51  Assimilator, Probe (Chrono Boost)  
  60  4:52  Probe (Chrono Boost)  
  62  4:53  Adept  
  62  4:56  Adept x2  
  68  5:02  Probe (Chrono Boost)  
  68  5:03  Probe (Chrono Boost)  
  70  5:12  Pylon, Probe (Chrono Boost)  
  70  5:14  Probe (Chrono Boost)  
  72  5:17  Fleet Beacon  
  72  5:31  Adept x3  
  72  5:33  Probe x2 (Chrono Boost)  
  80  5:43  Probe (Chrono Boost)  
  80  5:47  Stargate  
  80  5:49  Stargate  
  81  5:52  Probe (Chrono Boost)  
  81  5:53  Pylon, Probe (Chrono Boost)  
  81  5:56  Pylon  
  83  5:57  Pylon  
  83  6:01  Pylon  
  83  6:02  Probe (Chrono Boost)  
  84  6:24  Carrier x2  
  84  6:25  Probe (Chrono Boost)  
  83  6:39  Probe (Chrono Boost)  
  98  6:40  Assimilator, Probe x2 (Chrono Boost)  
  98  6:45  Assimilator  
  98  6:46  Pylon  
  98  6:53  Probe (Chrono Boost)  
  98  6:54  Probe x2 (Chrono Boost)  
  91  7:01  Carrier  
  91  7:05  Probe (Chrono Boost)  
  90  7:12  Zealot x3  
  98  7:19  Forge  
  98  7:21  Probe x2 (Chrono Boost)  
  98  7:22  Pylon  
  100  7:23  Pylon  
  100  7:27  Pylon  
  100  7:29  Pylon  
  97  7:36  Zealot x3  
  103  7:39  Carrier  
  103  7:46  Probe (Chrono Boost)  
  116  7:57  Protoss Shields Level 1, Photon Cannon  
  115  7:58  Photon Cannon  
  115  8:02  Photon Cannon  
  115  8:04  Sentry  
  117  8:07  Photon Cannon  
  117  8:18  Twilight Council  
  117  8:19  Gateway  
  117  8:23  Pylon  
  117  8:30  Void Ray x2  
  123  8:39  Zealot x3  
  125  8:59  Void Ray, Templar Archives  
  125  9:01  Pylon, Nexus  
  125  9:02  Pylon  
  125  9:07  Void Ray x2, Protoss Air Weapons Level 1  
  137  9:25  Photon Cannon  
  137  9:28  Photon Cannon  
  137  9:31  Photon Cannon  
  137  9:32  Photon Cannon  
  137  9:33  Photon Cannon  
  137  9:34  Photon Cannon  
  137  9:35  Gateway  
  137  9:36  Gateway  
  137  9:39  Gateway  
  137  9:40  Psionic Storm  
  137  9:43  Gateway  
  135  9:50  High Templar x3  
  135  9:51  Void Ray x2  
  141  9:54  Assimilator  
  141  9:58  Assimilator  
  149  10:00  Void Ray  
  153  10:22  Carrier  
  153  10:24  Graviton Catapult  
  159  10:43  Void Ray x2  
  159  10:44  Zealot x3  
  159  10:45  Zealot x2  
  168  11:06  Zealot  
  168  11:07  Zealot x7  
  174  11:18  Probe x3 (Chrono Boost)  
  168  11:21  Probe (Chrono Boost)  
  169  11:27  Photon Cannon  
  171  11:33  Probe (Chrono Boost)  
  171  11:34  Probe x3 (Chrono Boost)  
  173  11:43  Photon Cannon  
  173  11:46  Probe (Chrono Boost)  
  174  11:48  Probe (Chrono Boost)  
  174  11:49  Probe (Chrono Boost)  
  174  11:50  Probe (Chrono Boost)  
  177  11:57  Zealot x2  
  177  11:59  Zealot  
  168  12:20  Zealot x4  
  164  12:26  Probe x3 (Chrono Boost)  
  166  12:57  Probe (Chrono Boost), Templar Archives  
  166  12:58  Probe x2 (Chrono Boost)  
Tags
 
Add a new tag
Caveats
  • Supply blocks, unpowered buildings, or Contaminate may cause inaccurate times.
  • Supply counts are checked every 10 seconds.